 Dungeon Crawl Stone Soup version 0.31-a0-232-gb1c03b2570 (webtiles) character file.

Game seed: 15286741417583010423

94 qw the Shooter (level 4, 0/36 HPs)
             Began as a Minotaur Hexslinger on July 6, 2023.
             Slain by an orc
             ... wielding a +2 trident of flaming
              (4 damage)
             ... on level 3 of the Dungeon.
             The game lasted 00:00:44 (1878 turns).

qw the Shooter (Minotaur Hexslinger)                Turns: 1878, Time: 00:00:44

Health: 0/36       AC:  3    Str: 12    XL:     4   Next: 38%
Magic:  4/4        EV: 12    Int: 10    God:
Gold:   72         SH:  0    Dex: 15    Spells: 4/5 levels left

rFire   . . .        Y - +1 sling
rCold   . . .        (no shield)
rNeg    . . .        g - +0 leather armour
rPois   .            (helmet restricted)
rElec   .            (no cloak)
rCorr   .            (no gloves)
SInv    .            (no boots)
Will    .....        (no amulet)
Stlth   +            (no ring)
HPRegen 0.26/turn    (no ring)
MPRegen 0.09/turn

%: no passive effects
@: about to teleport
A: horns 2, retaliatory headbutt
a: no special abilities


You were on level 3 of the Dungeon.
You visited 1 branch of the dungeon, and saw 3 of its levels.

You collected 72 gold pieces.


Innate Abilities, Weirdness & Mutations

You have a pair of horns on your head.
You reflexively headbutt those who attack you in melee.


   Skills:
 - Level 2.0 Fighting
 + Level 4.9 Ranged Weapons
 - Level 2.1 Dodging
 - Level 1.0 Spellcasting
 - Level 2.0 Hexes


You had 4 spell levels left.
You knew the following spells:

 Your Spells              Type           Power      Damage    Failure   Level
a - Slow                  Hex            16%        N/A       19%         1

Your spell library contained the following spells:

 Spells                   Type           Power      Damage    Failure   Level
 Inner Flame              Hex/Fire       2%         N/A       65%         3
 Portal Projectile        Hex/Tloc       4%         N/A       65%         3
 Cause Fear               Hex            2%         N/A       88%         4

Inventory:

Hand Weapons
 Y - a +1 sling (weapon)
Armour
 a - the +3 hat of Pondering {ponderous, Will+ MP+10 Int+5}
   (You acquired it on level 1 of the Dungeon)

   Int:       It affects your intelligence (+5).
   MP:        It affects your magic capacity (+10).
   Will:      It increases your willpower.
 g - a +0 leather armour (worn)
Scrolls
 b - a scroll of fear {unknown}
Potions
 c - a potion of lignification {unknown}
 d - a potion of heal wounds {unknown}
 h - a potion of might {unknown}

Dungeon Overview and Level Annotations

Branches:
Dungeon (3/15)

Altars:
Wu Jian


Message History

The orc is moderately wounded.
An orc wizard comes into view. It is wielding a +0 dagger.
The orc barely misses you.
You shoot a sling bullet. The sling bullet hits the orc.
The orc is severely wounded.
The orc hits you with a +0 flail.
A hobgoblin comes into view.
The orc hits you from afar with a +2 trident of flaming.
The orc burns you.
The orc wizard gestures wildly while chanting.
The orc wizard flickers and vanishes!
Deactivating autopickup; reactivate with Ctrl-A.
The orc hits you with a +0 flail.
You shoot a sling bullet. The sling bullet barely misses the orc.
The hobgoblin shouts!
The orc barely misses you. The orc hits you but does no damage.
The orc hits you with a +0 flail. The orc closely misses you.
You shoot a sling bullet.
The sling bullet closely misses the orc.
The orc hits you with a +0 hand axe. The orc barely misses you.
You furiously retaliate!
You headbutt the orc!
You kill the orc!
The orc hits you from afar with a +2 trident of flaming.
The orc burns you. The orc misses you.
You shoot a sling bullet.
The sling bullet closely misses the orc.
The sling bullet hits the quokka.
The quokka is heavily wounded.
The orc hits you from afar with a +2 trident of flaming.
The orc burns you.
1877 ||| READING scroll of teleportation.
As you read the scroll of teleportation, it crumbles to dust.
You feel strangely unstable. The orc barely misses you.
The orc hits you with a +0 hand axe.
You shoot a sling bullet.
The sling bullet closely misses the quokka.
The quokka barely misses you. You furiously retaliate!
You headbutt the quokka.
You kill the quokka!
The orc hits you from afar with a +2 trident of flaming.
You die...

#.... .~.~.# . ##.###
.~.~..# .....# #.#...
~~.)~~~#..... ##.##.
.~~~{~..#...# #.##.
~~_~g...#...# #....
~~.~~.o.#...# #.###
~.~.~..o#...# #.#
.~.~.~%@#...# #.#
~$..~.~#....########.##
.....~....%...........##
.....#..........(.....<.
#####.........?........#
..##......###.###..##
.## #.#....# #.###..# #
#.#....# #......#
#.#....# #####.##


You could see 2 orcs and a hobgoblin.

Vanquished Creatures
  2 adders
  3 worms (D:2)
  4 dart slugs
  3 orcs (D:3)
  3 endoplasms (D:1)
  2 giant cockroaches
  4 goblins
  5 hobgoblins
  4 kobolds
  3 quokkas
  4 ball pythons
  9 bats
  3 frilled lizards (D:2)
  9 rats
58 creatures vanquished.

Notes
Turn   | Place    | Note
-------+----------+-------------------------------------------
     0 | D:1      | qw the Minotaur Hexslinger began the quest for the Orb.
     0 | D:1      | Reached XP level 1. HP: 16/16 MP: 1/1
     0 | D:1      | 0 ||| qw: Version: 0.3-a-46-gb1f654a
     0 | D:1      | 0 ||| qw: Game counter: 2121
     0 | D:1      | 0 ||| qw: Melee chars always use a shield: true
     0 | D:1      | 0 ||| qw: God list: Okawaru
     0 | D:1      | 0 ||| qw: Allow faded altars: false
     0 | D:1      | 0 ||| qw: Do Orc after clearing Dungeon:15 true
     0 | D:1      | 0 ||| qw: Do second Lair branch before Depths: true
     0 | D:1      | 0 ||| qw: Lair rune preference: random
     0 | D:1      | 0 ||| qw: Goals: Normal
     0 | D:1      | 0 ||| PLANNING D:1-11
   116 | D:1      | Reached skill level 3 in Ranged Weapons
   127 | D:1      | Reached XP level 2. HP: 23/23 MP: 2/2
   400 | D:1      | Reached XP level 3. HP: 24/29 MP: 3/3
   571 | D:1      | 571 ||| UPGRADING to +0 leather armour.
   581 | D:1      | 581 ||| DROPPING +0 robe.
   582 | D:1      | 582 ||| READING scroll labelled TUOBLI AVYEPN.
   583 | D:1      | 583 ||| READING scroll labelled OLLANG ABEMIOM.
   584 | D:1      | 584 ||| READING scroll labelled NOFRIN IREKUMUTH.
   584 | D:1      | Identified a scroll of acquirement
   584 | D:1      | 584 ||| ACQUIRING +3 hat of Pondering {ponderous, Will+
                  | MP+10 Int+5}
   584 | D:1      | Acquired the +3 hat of Pondering {ponderous, Will+ MP+10
                  | Int+5}
   584 | D:1      | Found the +3 hat of Pondering {ponderous, Will+ MP+10
                  | Int+5}
   586 | D:1      | 586 ||| DROPPING scroll of poison.
   764 | D:2      | Reached skill level 4 in Ranged Weapons
  1030 | D:2      | HP: 6/29 [worm (9)]
  1333 | D:2      | Reached XP level 4. HP: 32/36 MP: 4/4
  1450 | D:2      | Found an ornate altar of the Wu Jian Council.
  1698 | D:2      | 1698 ||| DROPPING ring of wizardry.
  1699 | D:2      | 1699 ||| READING 2 scrolls labelled DIARORCH YVILUNK.
  1703 | D:2      | 1703 ||| READING scroll labelled TODEOCW DAME.
  1864 | D:3      | Found a faded altar of an unknown god.
  1876 | D:3      | HP: 9/36 [orc/+2 trident of flaming (1)]
  1877 | D:3      | 1877 ||| READING scroll of teleportation.
  1877 | D:3      | HP: 4/36 [orc/+0 hand axe (5)]
  1878 | D:3      | Slain by an orc

Levels and vault maps discovered:
D:1:      matt_arrival_los_fun, layout_rooms, minmay_misc_feat_x, minmay_unequal
D:2:      minmay_inner_zag, layout_basic, basic_altar
D:3:      layout_loops_cross, shapermc_ecumenical_altar_starsandcircs,
          uniq_grinder

Skill      XL: |  1  2  3 |
---------------+----------+-----
Ranged Weapons | 3 4 |  4.9
Fighting       | 2 |  2.0
Dodging        | |  2.1
Spellcasting   | |  1.0
Hexes          | |  2.0

Action                     |  1- 3 |  4- 6 || total
---------------------------+-------+-------++-------
   Fire: Sling             |   151 |    27 ||   178
    Use: Scroll            |     3 |     3 ||     6
 Armour: Robe              |     5 |       ||     5
         Leather armour    |     7 |     3 ||    10
  Dodge: Dodged            |    26 |    16 ||    42

Table legend:
 A = Non-vault XP
 B = Vault XP
 C = Vault XP percentage of total XP
 D = Non-vault monster count
 E = Vault monster count
 F = Vault count percentage of total count
                 A         B        C        D         E       F
            +---------+---------+-------+---------+---------+-------
      Total |     120 |      17 |  12.4 |      49 |       9 |  15.5
            +---------+---------+-------+---------+---------+-------
        D:1 |      34 |      11 |  24.4 |      22 |       5 |  18.5
        D:2 |      60 |       6 |   9.1 |      21 |       4 |  16.0
        D:3 |      26 |       0 |   0.0 |       6 |       0 |   0.0
            +---------+---------+-------+---------+---------+-------
